Map: Terrasses de Prion

Players

Dareiros - Winner!

  • Race: Terran Terran
  • League: Silver
  • Spawn Location: 5:00

zidar

  • Race: Zerg Zerg
  • League: Silver
  • Spawn Location: 11:00

VOD

Have the link to the VOD?

Description

Time

  • Played on: Jan. 3, 2016, 2:02 p.m.
  • Length: 5:43
Show
View Real Time Build Order
Export as new Build Order

Dareiros Terran - Winner!

Build Orders:  

Get SALT Encoding   

  12  0:19  Supply Depot  
  12  0:43  Barracks  
  12  0:48  Barracks, SCV  
  12  0:49  Refinery  
  13  1:01  SCV  
  14  1:13  SCV  
  15  1:25  SCV  
  16  1:33  Marine  
  16  1:36  Marine  
  16  1:37  SCV  
  19  1:45  Supply Depot  
  19  1:49  SCV  
  19  1:51  Marine  
  19  1:53  Marine  
  22  2:01  SCV  
  22  2:07  Factory  
  23  2:08  Marine  
  23  2:13  SCV  
  25  2:17  Marine  
  26  2:25  SCV  
  26  2:26  Marine  
  26  2:29  Supply Depot  
  28  2:36  Marine  
  29  2:37  SCV  
  30  2:44  Marine  
  30  2:50  Factory Tech Lab  
  31  2:54  Marine, Supply Depot  
  32  3:12  Siege Tank  
  35  3:13  Marine x2  
  35  3:19  Refinery  
  37  3:31  Marine x2  
  39  3:44  Siege Tank  
  42  3:49  Marine, SCV  
  42  3:52  Supply Depot  
  42  3:53  Marine  
  45  4:06  Marine  
  46  4:10  Marine  
  49  4:23  Widow Mine  
  49  4:24  Marine  
  49  4:28  Marine  
  51  4:42  Marine  
  51  4:45  Hellion  
  54  4:46  Marine  
  55  4:54  Supply Depot  
  55  5:03  Barracks Reactor  
  55  5:15  Barracks Tech Lab  
  55  5:16  Hellion  
Show
View Real Time Build Order
Export as new Build Order

zidar Zerg 

Build Orders: Hatch First 

Get SALT Encoding   

  12  0:01  Drone  
  13  0:12  Overlord  
  13  0:17  Drone  
  14  0:32  Drone x2  
  14  0:34  Drone  
  17  0:56  Hatchery  
  16  0:58  Drone  
  16  1:03  Extractor, Drone  
  17  1:23  Spawning Pool, Drone  
  17  1:33  Drone x2  
  17  1:39  Overlord  
  19  2:01  Drone x2  
  21  2:09  Queen x2  
  21  2:13  Drone  
  26  2:19  Metabolic Boost  
  26  2:25  Zergling x2  
  26  2:27  Zergling x2  
  28  2:30  Zergling x2  
  29  2:38  Spine Crawler  
  28  3:04  Roach Warren  
  27  3:11  Zergling x2  
  27  3:12  Zergling x10  
  32  3:34  Overlord x2  
  32  3:36  Overlord  
  32  4:04  Evolution Chamber  
  31  4:25  Drone x12  
  42  4:45  Zergling x10  
  35  4:46  Zergling x2  
  40  4:55  Zergling x2  
  41  5:02  Roach x4  
  43  5:22  Roach x4  
  43  5:25  Ravager  
Tags
 
Add a new tag
Caveats
  • Supply blocks, unpowered buildings, or Contaminate may cause inaccurate times.
  • Supply counts are checked every 10 seconds.